 Dungeon Crawl Stone Soup version 0.31-a0-460-g9e667d4245 (webtiles) character file.

Game seed: 8881721668167335185

550 MisterAzrael the Trooper (level 7, -1/61 HPs)
             Began as a Minotaur Fighter on Aug 4, 2023.
             Was a Follower of Okawaru.
             Slain by Duvessa
             ... wielding a +0 short sword
              (5 damage)
             ... on level 5 of the Dungeon.
             The game lasted 00:03:07 (3299 turns).

MisterAzrael the Trooper (Minotaur Fighter)         Turns: 3299, Time: 00:03:08

Health: -1/61      AC: 12    Str: 23    XL:     7   Next: 7%
Magic:  7/7        EV:  6    Int:  5    God:    Okawaru [*.....]
Gold:   301        SH:  4    Dex:  9    Spells: 6/6 levels left

rFire   + . .        q - +1 scimitar (flame)
rCold   + . .        c - +0 buckler
rNeg    . . .        o - +0 plate armour
rPois   +            (helmet restricted)
rElec   +            (no cloak)
rCorr   +            (no gloves)
SInv    .            (no boots)
Will    .....        (no amulet) Stlth
                     (no ring)
HPRegen 0.30/turn    (no ring)
MPRegen 0.10/turn

%: no passive effects
@: brilliant, resistant
A: horns 2, retaliatory headbutt
a: Renounce Religion, Heroism


You were on level 5 of the Dungeon.
You worshipped Okawaru.
Okawaru was aware of your devotion.
You visited 1 branch of the dungeon, and saw 5 of its levels.

You collected 301 gold pieces.

Inventory:

Hand Weapons
 a - a +0 long sword
 m - a +1 war axe of flaming
 q - a +1 scimitar of flaming (weapon)
Missiles
 h - 7 poisoned darts
Armour
 b - a +0 scale mail
 c - a +0 buckler (worn)
 o - a +0 plate armour (worn)
Wands
 r - a wand of flame (14)
Scrolls
 e - 4 scrolls of identify {unknown}
 f - 2 scrolls of poison {unknown}
 j - a scroll of immolation {unknown}
 k - 2 scrolls of enchant weapon {unknown}
 n - a scroll of summoning {unknown}
Potions
 g - a potion of resistance
 i - a potion of brilliance
 l - 2 potions of magic
 p - a potion of lignification {unknown}


   Skills:
 + Level 5.1 Fighting
 * Level 4.3 Long Blades
 - Level 2.4 Axes
 + Level 2.6 Throwing
 + Level 5.0 Armour
 + Level 5.0 Shields
 + Level 2.1 Invocations


You had 6 spell levels left.
You didn't know any spells.
Your spell library contained the following spells:

 Spells                   Type           Power      Damage    Failure   Level
 Stone Arrow              Conj/Erth      0%         3d7       100%        3
 Lee's Rapid Deconstruct  Erth           0%         3d4*      100%        5
 Lehudib's Crystal Spear  Conj/Erth      0%         10d2      100%        8
 Animate Armour           Summ/Erth      Unusable   N/A       N/A         4
 Summon Lightning Spire   Summ/Air       Unusable   N/A       N/A         4

Dungeon Overview and Level Annotations

Branches:
Dungeon (5/15)
 Temple: D:4-7

Altars:
Okawaru
Qazlal

Annotations:
D:5 Duvessa


Innate Abilities, Weirdness & Mutations

You have a pair of horns on your head.
You reflexively headbutt those who attack you in melee.


Message History

You hit Duvessa but do no damage.
Duvessa is lightly wounded.
Duvessa barely misses you. You furiously retaliate!
You headbutt Duvessa! Duvessa hits you but does no damage.
You hit Duvessa but do no damage. You headbutt Duvessa, but do no damage.
Duvessa is lightly wounded.
Duvessa hits you but does no damage.
You slash Duvessa! You burn Duvessa. Your headbutt misses Duvessa.
Duvessa is heavily wounded.
Duvessa hits you with a +0 short sword! Duvessa hits you with a +0 short sword.
You barely miss Duvessa.
Duvessa is heavily wounded.
You block Duvessa's attack.
An orc comes into view. It is wielding a +0 mace.
You barely miss Duvessa. You headbutt Duvessa, but do no damage.
Duvessa is heavily wounded.
You block Duvessa's attack. Duvessa hits you with a +0 short sword.
It was a potion of magic.
Magic courses through your body. You block Duvessa's attack.
You hit Duvessa but do no damage. You headbutt Duvessa, but do no damage.
Duvessa is heavily wounded.
Duvessa hits you but does no damage. The orc hits you but does no damage.
You block Duvessa's attack.
You hit Duvessa but do no damage. You headbutt Duvessa, but do no damage.
Duvessa is heavily wounded.
Duvessa hits you with a +0 short sword!
* * * LOW HITPOINT WARNING * * *
You block the orc's attack.
You hit Duvessa but do no damage.
Duvessa is heavily wounded.
Duvessa hits you but does no damage. The orc closely misses you.
Duvessa hits you with a +0 short sword!
* * * LOW HITPOINT WARNING * * *
It was a potion of resistance.
You feel protected. You block Duvessa's attack.
The orc hits you but does no damage.
It was a potion of brilliance.
You feel clever all of a sudden.
You feel like a meek peon again. Duvessa hits you with a +0 short sword.
You die...

#.# #.# #.# #.#
#.# #)# #.## #)#
#..# #.#
#.############.#
#..............#
#..#############
#@.# ##### #eo#
..... .....
##### ##..###
#... #.### #.#
#.#


You could see Duvessa (berserk) and an orc.

Vanquished Creatures
  Menkaure (D:5)
  An orc warrior (D:5)
  Blork the orc (D:5)
  Dowan (D:5)
  An orc priest (D:5)
  Ijyb (D:5)
  A sleepcap (D:5)
  An orc wizard (D:4)
  2 adders
  An ufetubus (D:4)
  2 worms
  3 dart slugs
  8 orcs
  7 ball pythons
  6 endoplasms
  2 giant cockroaches (D:1)
  8 goblins
  3 hobgoblins
  4 jackals (D:4)
  6 kobolds
  4 quokkas
  5 bats
  7 frilled lizards
  2 rats
78 creatures vanquished.

Notes
Turn   | Place    | Note
-------+----------+-------------------------------------------
     0 | D:1      | MisterAzrael the Minotaur Fighter began the quest for the
                  | Orb.
     0 | D:1      | Reached XP level 1. HP: 19/19 MP: 0/0
   224 | D:1      | Reached XP level 2. HP: 27/27 MP: 1/1
   455 | D:2      | Reached XP level 3. HP: 32/33 MP: 2/2
   986 | D:3      | Reached skill level 1 in Throwing
  1274 | D:3      | Noticed an air elemental
  1275 | D:3      | Found a stormy altar of Qazlal.
  1278 | D:3      | Noticed a fire elemental
  1278 | D:3      | Noticed an earth elemental
  1278 | D:3      | Noticed a water elemental
  1582 | D:4      | Reached skill level 1 in Axes
  1668 | D:4      | Found an iron altar of Okawaru.
  1698 | D:4      | Became a worshipper of Warmaster Okawaru
  1736 | D:4      | Reached XP level 4. HP: 25/41 MP: 3/3
  2759 | D:5      | Entered Level 5 of the Dungeon
  2790 | D:5      | Noticed Blork the orc
  2796 | D:5      | Killed Blork the orc
  2797 | D:5      | Reached skill level 1 in Invocations
  2797 | D:5      | Reached XP level 5. HP: 47/47 MP: 4/4
  2833 | D:5      | Noticed Ijyb
  2839 | D:5      | Killed Ijyb
  2920 | D:5      | Noticed Menkaure
  2928 | D:5      | Killed Menkaure
  2928 | D:5      | Reached * piety under Okawaru
  2929 | D:5      | Reached XP level 6. HP: 22/55 MP: 6/6
  3067 | D:5      | Noticed an orc warrior
  3083 | D:5      | Killed an orc warrior
  3084 | D:5      | Reached skill level 5 in Fighting
  3279 | D:5      | Noticed Duvessa
  3280 | D:5      | Noticed Dowan
  3285 | D:5      | Killed Dowan
  3286 | D:5      | Reached skill level 5 in Armour
  3286 | D:5      | Reached skill level 5 in Shields
  3286 | D:5      | Reached XP level 7. HP: 46/61 MP: 7/7
  3297 | D:5      | HP: 3/61 [Duvessa/+0 short sword (9)]
  3299 | D:5      | Slain by Duvessa

Illustrated notes

Levels and vault maps discovered:
D:1:      reono_arrival_mine, layout_rooms, skrybe_limestone_x
D:2:      layout_rooms
D:3:      layout_loops_cross, nicolae_qazlal_style_of_elements
D:4:      mumra_celtic_spiral_tile, layout_loops_corners,
          mainiacjoe_overflow_catwalk
D:5:      layout_loops_ring, uniq_duvessa, uniq_menkaure, uniq_blork_the_orc,
          uniq_grinder, uniq_ijyb

Skill      XL: |  1  2  3  4  5  6 |
---------------+-------------------+-----
Fighting       | 4 5 |  5.1
Armour         | 4 5 |  5.0
Shields        | 4 5 |  5.0
Long Blades    | 3 4 |  4.3
Throwing       | 1 2 |  2.6
Axes           | 1 2 |  2.4
Invocations    | 1 2 |  2.1

Action                     |  1- 3 |  4- 6 |  7- 9 || total
---------------------------+-------+-------+-------++-------
  Melee: Long sword        |    80 |       |       ||    80
         Headbutt          |    10 |    13 |     5 ||    28
         War axe           |    26 |    24 |       ||    50
         Scimitar          |       |    36 |    10 ||    46
 Invoke: Heroism           |       |     1 |     1 ||     2
    Use: Potion            |       |     1 |     3 ||     4
 Armour: Scale mail        |    41 |       |       ||    41
         Plate armour      |     3 |    27 |     8 ||    38
  Dodge: Dodged            |    54 |    18 |     2 ||    74
  Block: Buckler           |    25 |    10 |     7 ||    42

Table legend: (Time is in decaauts)
 A = Elapsed time spent in this place.
 B = Non-inter-level travel time spent in this place.
 C = Inter-level travel time spent in this place.
 D = Time resting spent in this place.
 E = Time spent auto-exploring this place.
 F = Levels seen in this place.
 G = Mean time per level.
                   A        B        C        D        E       F      G
               +--------+--------+--------+--------+--------+-----+--------+
         Total |   3350 |   3225 |    125 |    284 |   2414 |   5 |  670.0 |
       Dungeon |   3350 |   3225 |    125 |    284 |   2414 |   5 |  670.0 |
               +--------+--------+--------+--------+--------+-----+--------+

Top non-repeatable levels by time:
     D:4: 1196 daAuts
     D:3: 753 daAuts
     D:5: 546 daAuts
     D:2: 430 daAuts
     D:1: 423 daAuts
